 Dungeon Crawl Stone Soup version 0.29.1-15-g9cfb28693d (webtiles) character file.

Game seed: 2444467875047770285

10654 cdecastro the Severer (level 11, -8/99 HPs)
             Began as a Hill Orc Fighter on Mar 3, 2023.
             Was a Priest of Okawaru.
             Killed by vampiric draining
             ... invoked by a vampire
              (10 damage)
             ... on level 11 of the Dungeon.
             The game lasted 00:20:59 (12953 turns).

cdecastro the Severer (Hill Orc Fighter)           Turns: 12953, Time: 00:21:00

Health: -8/99      AC: 17    Str: 24    XL:     11   Next: 65%
Magic:  14/14      EV:  7    Int:  8    God:    Okawaru [***...]
Gold:   258        SH:  5    Dex: 10    Spells: 10/10 levels left

rFire   + . .      SeeInvis .   O - +3 war axe (freeze)
rCold   . . .      Faith    .   c - +0 buckler
rNeg    . . .      Spirit   .   Z - +0 plate armour
rPois   .          Reflect  .   E - +0 helmet
rElec   .          Harm     .   (no cloak)
rCorr   .          Rampage  .   z - +0 pair of gloves
Will    .....                   (no boots)
Stlth   ..........              J - amulet of the acrobat
HPRegen 0.26/turn               n - +4 ring of slaying
MPRegen 0.14/turn               w - ring of protection from fire

@: about to teleport
A: no striking features
a: Renounce Religion, Heroism


You were on level 11 of the Dungeon.
You worshipped Okawaru.
Okawaru was most pleased with you.
You visited 2 branches of the dungeon, and saw 12 of its levels.

You collected 606 gold pieces.
You spent 348 gold pieces at shops.

Inventory:

Hand Weapons
 a - a +2 vorpal war axe
 C - a +0 whip of electrocution
 D - a +3 mace
 O - a +3 war axe of freezing (weapon)
 P - a +3 dire flail
 Q - a +3 flail of freezing
Missiles
 B - 4 atropa-tipped darts
 H - 30 poisoned darts (quivered)
 T - a curare-tipped dart
 W - 3 boomerangs
Armour
 c - a +0 buckler (worn)
 i - a +0 chain mail
 z - a +0 pair of gloves (worn)
 E - a +0 helmet (worn)
 Z - a +0 plate armour (worn)
Magical Staves
 l - a staff of earth
 A - a staff of air
 F - a staff of cold
Jewellery
 n - a +4 ring of slaying (left hand)
 t - a ring of wizardry
 u - an amulet of guardian spirit
 w - a ring of protection from fire (right hand)
 J - an amulet of the acrobat (around neck)
Wands
 K - a wand of quicksilver (4)
 L - a wand of iceblast (12)
 V - a wand of charming (8)
Scrolls
 b - 5 scrolls of magic mapping {unknown}
 e - 6 scrolls of teleportation
 f - a scroll of summoning {unknown}
 h - 4 scrolls of immolation {unknown}
 j - 4 scrolls of poison {unknown}
 k - 15 scrolls of identify {unknown}
 m - 3 scrolls of silence {unknown}
 s - 2 scrolls of noise {unknown}
 v - 3 scrolls of vulnerability {unknown}
 y - 3 scrolls of fear {unknown}
 G - 3 scrolls of fog {unknown}
 R - a scroll of blinking
 S - a scroll of enchant weapon
 U - a scroll of amnesia {unknown}
 Y - 2 scrolls of brand weapon {unknown}
Potions
 d - 3 potions of might
 g - 5 potions of mutation
 o - a potion of ambrosia {unknown}
 p - 7 potions of heal wounds {unknown}
 q - 4 potions of curing
 r - 3 potions of flight
 x - a potion of lignification {unknown}
 I - a potion of berserk rage {unknown}
 M - a potion of haste
 N - 2 potions of degeneration {unknown}
 X - a potion of brilliance {unknown}


   Skills:
 - Level 10.0 Fighting
 + Level 16.7 Axes
 - Level 10.0 Armour
 - Level 5.0 Shields
 - Level 5.0 Invocations


You had 10 spell levels left.
You didn't know any spells.
Your spell library contained the following spells:

 Spells                   Type           Power      Damage    Failure   Level
 Sting                    Tmut/Pois      0%         1d3       99%         1
 Poisonous Vapours        Pois/Air       0%         N/A       100%        2
 Dazzling Flash           Conj/Hex       0%         N/A       100%        3
 Frozen Ramparts          Ice            0%         1d1       100%        3
 Portal Projectile        Hex/Tloc       0%         N/A       100%        3
 Ice Form                 Ice/Tmut       0%         N/A       100%        4
 Leda's Liquefaction      Hex/Erth       0%         N/A       100%        4
 Olgreb's Toxic Radiance  Pois           0%         N/A       100%        4
 Agony                    Necr           0%         N/A       100%        5
 Lightning Bolt           Conj/Air       0%         1d11      100%        5
 Silence                  Hex/Air        0%         N/A       100%        5
 Call Canine Familiar     Summ           Unusable   N/A       N/A         3
 Summon Ice Beast         Ice/Summ       Unusable   N/A       N/A         4

Dungeon Overview and Level Annotations

Branches:
Dungeon (11/15)            Temple (1/1) D:4            Lair (0/5) D:9
    Orc (0/2) D:11

Altars:
Ashenzari
Cheibriados
Elyvilon
Fedhas
Gozag
Hepliaklqana
Kikubaaqudgha
Makhleb
Nemelex Xobeh
Okawaru
Qazlal
Ru
Sif Muna
Trog
Uskayaw
Vehumet
Wu Jian
Xom
Yredelemnul
Zin
The Shining One

Shops:
D:2 :   D:7 *   D:8 *

Annotations:
D:9 1 runed translucent door, vault need dig
D:10 Erolcha


Message History

Deactivating autopickup; reactivate with Ctrl-A.
Something closely misses you.
You hear some strange, mumbled words.
You are confused.
Something hits you but does no damage. x2
Something closely misses you. x2; Something bites you.
* * * LOW HITPOINT WARNING * * *
Something draws strength from your injuries!
You're too confused to move!
Something hits you!
* * * LOW HITPOINT WARNING * * *
Something hits you but does no damage. Something bites you but does no damage.
Something hits you but does no damage. Something hits you but does no damage.
Something barely misses you. Something hits you but does no damage.
Something misses you. Something hits you but does no damage.
Something hits you but does no damage. Something draws life force from you!
* * * LOW HITPOINT WARNING * * *
You're too confused to move!
You feel less confused.
Something hits you but does no damage. x2
Something bites you but does no damage.
You slash something! You freeze something. Something draws life force from you!
* * * LOW HITPOINT WARNING * * *
Something hits you but does no damage.
As you read the scroll of teleportation, it crumbles to dust.
You feel strangely unstable. Something hits you but does no damage.
Something draws life force from you.
* * * LOW HITPOINT WARNING * * *
You miss something. You barely miss something. You block something's attack.
Something hits you but does no damage. Something bites you.
* * * LOW HITPOINT WARNING * * *
Something draws strength from your injuries!
You hit something but do no damage. You block something's attack.
Something draws life force from you!
* * * LOW HITPOINT WARNING * * *
You closely miss something. x2; Something hits you but does no damage.
You hit something. You freeze something. You slash something!
You freeze something. Something hits you but does no damage.
Something draws life force from you!
You die...

........# #...~.~~......
.......(# #.~.~.~~......
........# #.........~≈~~
........# #~~.......~~≈~
........# #≈~~≈≈~~......
..[.....########≈~~~≈≈~~..~~~
######.............~≈≈≈~<.~≈~
#.......{.....~≈≈≈~~.~≈~
#.....{@......~≈≈≈≈))≈≈~
#.............######)###
#.............# #.# #
############### #.# # #.# #
#.# # ####.### #.......
####....


There were no monsters in sight!

Vanquished Creatures
  A two-headed ogre (D:11)
  2 unseen horrors (D:11)
  A komodo dragon (D:10)
  2 trolls (D:9)
  A water elemental (D:11)
  4 shadows
  Sigmund (D:3)
  A vampire (D:11)
  6 yaks (D:11)
  2 wyverns
  Grum (D:11)
  A steam dragon (D:8)
  2 vampire mosquitoes (D:9)
  Menkaure (D:5)
  An acid dragon (D:8)
  2 water moccasins
  3 orc warriors
  2 ice beasts
  6 sky beasts
  A black bear (D:9)
  An ogre (D:6)
  3 centaurs
  4 wolves (D:11)
  A phantom (D:5)
  4 kobold brigands
  2 bullfrogs
  2 necrophages (D:7)
  4 scorpions
  18 wights
  18 killer bees
  4 howler monkeys
  5 electric eels (D:11)
  5 jellies
  5 hounds
  2 gnoll boudas
  6 orc priests
  Jessica (D:2)
  9 orc wizards
  11 gnolls
  14 adders
  3 white imps
  2 ufetubi (D:7)
  4 worms
  3 dart slugs
  33 orcs
  7 ball pythons
  10 bats
  9 endoplasms
  2 giant cockroaches
  5 hobgoblins
  6 jackals
  4 quokkas
  2 frilled lizards (D:1)
  6 goblins
  21 kobolds
  4 rats
281 creatures vanquished.

Vanquished Creatures (others)
  8 fungi
  A plant (D:9)
9 creatures vanquished.

Grand Total: 290 creatures vanquished

Notes
Turn   | Place    | Note
-------+----------+-------------------------------------------
     0 | D:1      | cdecastro the Hill Orc Fighter began the quest for the Orb.
     0 | D:1      | Reached XP level 1. HP: 19/19 MP: 1/1
    49 | D:1      | Reached skill level 3 in Axes
    90 | D:1      | Reached XP level 2. HP: 26/26 MP: 2/2
   242 | D:1      | Reached skill level 4 in Axes
   667 | D:1      | Reached XP level 3. HP: 31/31 MP: 3/3
   773 | D:1      | Reached skill level 5 in Axes
  1528 | D:2      | Reached XP level 4. HP: 39/39 MP: 4/4
  1637 | D:2      | Noticed Jessica
  1645 | D:2      | Killed Jessica
  1646 | D:2      | Reached skill level 6 in Axes
  1758 | D:2      | Found a faded altar of an unknown god.
  1924 | D:2      | Found Corom's Vocational Training.
  2461 | D:3      | Found an opulent altar of Gozag.
  2501 | D:3      | Noticed Sigmund
  2586 | D:3      | Reached XP level 5. HP: 45/45 MP: 5/5
  2642 | D:4      | Reached skill level 7 in Axes
  2646 | D:4      | Identified the +1 robe of Dishonour {*Slow rPois MP+9}
  2700 | D:4      | Reached skill level 8 in Axes
  2700 | D:4      | Reached XP level 6. HP: 39/51 MP: 6/6
  2835 | D:4      | HP: 2/51 [gnoll/+0 spear (5)]
  2838 | D:4      | Reached skill level 9 in Axes
  3333 | D:4      | Reached XP level 7. HP: 40/57 MP: 4/7
  3506 | D:4      | Found a staircase to the Ecumenical Temple.
  3526 | D:4      | Reached skill level 10 in Axes
  3534 | Temple   | Entered the Ecumenical Temple
  3860 | D:5      | Entered Level 5 of the Dungeon
  3974 | D:5      | Reached skill level 5 in Fighting
  4322 | D:5      | Reached XP level 8. HP: 71/71 MP: 6/8
  5128 | D:5      | Noticed Menkaure
  5136 | D:5      | Killed Menkaure
  5137 | D:5      | Found a sacrificial altar of Ru.
  5725 | D:6      | Reached skill level 10 in Fighting
  6073 | D:6      | Reached XP level 9. HP: 50/85 MP: 6/9
  6521 | D:6      | Reached skill level 11 in Axes
  6747 | D:7      | Reached skill level 12 in Axes
  6987 | D:7      | Got Voduzurph's Tome of Charged Changing
  7040 | D:7      | Reached skill level 5 in Armour
  7068 | D:7      | Found a white marble altar of Elyvilon.
  7243 | D:7      | Found Ushral's General Store.
  7252 | D:7      | Reached skill level 13 in Axes
  7322 | D:7      | Bought a potion of flight for 36 gold pieces
  7891 | D:3      | Killed Sigmund
  8392 | D:8      | Identified the +2 pair of gloves of Kleptomania {Harm rElec
                  | rC- Will+ Int+2}
  8535 | D:8      | Reached skill level 14 in Axes
  8609 | D:8      | Reached XP level 10. HP: 87/92 MP: 10/10
  8628 | D:8      | Found a sparkling altar of Nemelex Xobeh.
  8898 | D:8      | Found Unown's General Store.
  8911 | D:8      | Bought a scroll of blinking for 90 gold pieces
  8911 | D:8      | Bought a scroll of teleportation for 36 gold pieces
  8911 | D:8      | Bought a potion of mutation for 96 gold pieces
  8911 | D:8      | Bought a scroll of enchant weapon for 90 gold pieces
  9216 | D:8      | Found a radiant altar of Vehumet.
  9222 | D:8      | Found a snail-covered altar of Cheibriados.
  9345 | D:8      | Found a burning altar of Makhleb.
 10005 | D:9      | Found a runed translucent door.
 10011 | D:9      | Found a basalt altar of Yredelemnul.
 10070 | D:9      | Reached skill level 10 in Armour
 10658 | D:9      | Reached skill level 15 in Axes
 10681 | D:9      | Found an iron altar of Okawaru.
 10716 | D:9      | Became a worshipper of Warmaster Okawaru
 10767 | D:9      | Reached XP level 11. HP: 87/96 MP: 11/11
 10923 | D:9      | Found a shimmering altar of Xom.
 11030 | D:9      | Found a staircase to the Lair.
 11164 | D:9      | Found an ornate altar of the Wu Jian Council.
 11258 | D:10     | Entered Level 10 of the Dungeon
 11420 | D:10     | Noticed Erolcha
 11522 | D:11     | Reached * piety under Okawaru
 11569 | D:11     | Reached skill level 16 in Axes
 11569 | D:11     | Reached skill level 1 in Invocations
 11587 | D:11     | Noticed Grum
 11608 | D:11     | Killed Grum
 11661 | D:11     | Reached skill level 5 in Invocations
 11973 | D:11     | Noticed a two-headed ogre
 11984 | D:11     | Killed a two-headed ogre
 11984 | D:11     | Reached ** piety under Okawaru
 12137 | D:11     | Found a staircase to the Orcish Mines.
 12276 | D:11     | Reached skill level 5 in Shields
 12657 | D:11     | Reached *** piety under Okawaru
 12951 | D:11     | HP: 1/99 [something (7)]
 12953 | D:11     | Killed from afar by a vampire

Illustrated notes

Levels and vault maps discovered:
D:1:      lemuel_arrival_rhombus, layout_loops_ring, minmay_pentomino_u2
D:2:      layout_basic, shapermc_ecumenical_altar_acropolis,
          nicolae_shop_vocational, uniq_jessica
D:3:      layout_loops_cross, nicolae_gozag_cash_rules_everything_around_me,
          uniq_sigmund
D:4:      layout_cave_pools, minmay_temple_entry_mini_moons,
          cheibrodos_gnoll_hut
D:5:      layout_loops_ring, nicolae_ru_awakened_eye,
          wad_floor_pattern_untrapped, uniq_menkaure
D:6:      layout_loops_ring, minivault_27
D:7:      layout_cave_pools, mainiacjoe_overflow_alcove_4, serial_shops,
          nicolae_shop_stone
D:8:      layout_cave_pods, lemuel_round_altar, overflow_temple_1_default,
          mainiacjoe_overflow_divided_tiny, serial_shops,
          nicolae_shop_hallway_plus
D:9:      layout_cave_pools, xom_teletrap_fun, nzn_wu_jian_council_hall,
          mainiacjoe_overflow_alcove_1, dk_yredelemnul_ordeal,
          grunt_lair_entry_orc_guard_hut, serial_column_ruins,
          column_ruins_open_medium, column_ruins_grid_1, column_ruins_open_tiny,
          minmay_statues_item
D:10:     layout_gridville, nicolae_dithmenos_the_darkroom, uniq_snorg,
          uniq_lodul, uniq_josephine, uniq_erolcha
D:11:     layout_basic, orc_0_dummy, uniq_grum
Temple:   dpeg_chambers_temple

Skill      XL: |  1  2  3  4  5  6  7  8  9 10 11 |
---------------+----------------------------------+-----
Axes           | 3 4 5 6 8 9 10 14 15 16 | 16.7
Fighting       | 6 10 | 10.0
Armour         | 5 10 | 10.0
Invocations    | 5 |  5.0
Shields        | 5 |  5.0

Action                   |  1- 3 |  4- 6 |  7- 9 | 10-12 || total
-------------------------+-------+-------+-------+-------++-------
Melee: War axe           |   129 |   113 |   263 |   229 ||   734
       Punch             |     1 |     2 |     3 |     1 ||     7
Throw: Dart              |       |       |       |     5 ||     5
Evoke: Wand              |       |       |       |    12 ||    12
  Use: Scroll            |       |       |       |     3 ||     3
Armor: Scale mail        |    34 |       |       |       ||    34
       Chain mail        |    54 |    52 |   101 |    63 ||   270
       Plate armour      |       |       |       |    84 ||    84
Dodge: Dodged            |    73 |    29 |    79 |   149 ||   330
Block: Buckler           |       |       |       |     9 ||     9
